 Dungeon Crawl Stone Soup version 0.31-a0-177-g4aa6249778 (webtiles) character file.

Game seed: 10275536627895830654

563 SigmundSlayer the Shield-Bearer (level 6, -1/53 HPs)
             Began as a Demigod Fighter on June 18, 2023.
             Slain by an ogre
             ... wielding a +0 giant spiked club
              (11 damage)
             ... on level 5 of the Dungeon.
             The game lasted 00:04:05 (4064 turns).

SigmundSlayer the Shield-Bearer (Demigod Fighter)   Turns: 4064, Time: 00:04:06

Health: -1/53      AC: 14    Str: 25    XL:     6   Next: 84%
Magic:  8/8        EV:  7    Int: 10    God:
Gold:   1473       SH: 17    Dex: 17    Spells: 5/5 levels left

rFire   . . .        a - +0 war axe
rCold   . . .        t - +3 tower shield "Loobog" {Dex+4}
rNeg    . . .        b - +0 scale mail
rPois   .            g - +0 helmet
rElec   .            i - +0 cloak
rCorr   .            (no gloves)
SInv    .            f - +0 pair of boots
Will    .....        (no amulet) Stlth
                     s - +4 ring of protection
HPRegen 0.28/turn    (no ring)
MPRegen 0.11/turn

%: no passive effects
@: mighty
A: high MP 1, forlorn, divine attributes
a: no special abilities


You were on level 5 of the Dungeon.
You visited 1 branch of the dungeon, and saw 5 of its levels.

You collected 1563 gold pieces.
You spent 90 gold pieces at shops.

Inventory:

Hand Weapons
 a - a +0 war axe (weapon)
Armour
 b - a +0 scale mail (worn)
 f - a +0 pair of boots (worn)
 g - a +0 helmet (worn)
 i - a +0 cloak (worn)
 t - the +3 tower shield "Loobog" (worn) {Dex+4}
   (You acquired it on level 4 of the Dungeon)

   Dex:       It affects your dexterity (+4).
Jewellery
 s - a +4 ring of protection (left hand)
 u - a ring of flight
Scrolls
 p - a scroll of immolation {unknown}
 q - a scroll of revelation {unknown}
 r - a scroll of blinking {unknown}
Potions
 c - a potion of mutation {unknown}
 d - a potion of might
 e - a potion of ambrosia {unknown}
 h - a potion of attraction
 j - a potion of haste
 k - a potion of lignification {unknown}
 l - a potion of magic {unknown}
 m - a potion of brilliance {unknown}
 n - a potion of degeneration {unknown}
 o - a potion of curing


   Skills:
 + Level 4.3 Fighting
 + Level 3.8 Axes
 + Level 4.3 Armour
 + Level 4.4 Shields


You had 5 spell levels left.
You didn't know any spells.
Your spell library contained the following spells:

 Spells                   Type           Power      Damage    Failure   Level
 Apportation              Tloc           0%         N/A       99%         1
 Slow                     Hex            0%         N/A       99%         1
 Summon Small Mammal      Summ           0%         N/A       99%         1
 Call Canine Familiar     Summ           0%         N/A       100%        3
 Confusing Touch          Hex            0%         N/A       100%        3
 Summon Guardian Golem    Hex/Summ       0%         N/A       100%        3
 Vampiric Draining        Necr           0%         2d6       100%        3
 Alistair's Intoxication  Tmut/Pois      0%         N/A       100%        5


Dungeon Overview and Level Annotations

Branches:
Dungeon (5/15)
 Temple: D:4-7


Innate Abilities, Weirdness & Mutations

You have an increased reservoir of magic. (+10% MP)
You shall have no god before yourself.
Your divine heritage dramatically boosts your attributes as you level up.


Message History

You are too injured to fight recklessly!
You are too injured to fight recklessly!
You are too injured to fight recklessly!
You are too injured to fight recklessly!
You are too injured to fight recklessly!
You are too injured to fight recklessly!
You are too injured to fight recklessly!
You are too injured to fight recklessly!
You are too injured to fight recklessly!
You are too injured to fight recklessly!
You are too injured to fight recklessly!
You are too injured to fight recklessly!
You are too injured to fight recklessly!
You are too injured to fight recklessly!
You are too injured to fight recklessly!
Okay, then.
You closely miss the gnoll.
The gnoll is heavily wounded.
You block the gnoll's attack. x3
You hit the gnoll but do no damage.
The gnoll is heavily wounded.
You block the gnoll's attack. x2
You closely miss the gnoll.
The gnoll is heavily wounded.
You block the gnoll's attack. x2; The gnoll hits you with a +0 flail.
The gnoll hits you from afar with a +0 spear.
* * * LOW HITPOINT WARNING * * *
You feel very mighty all of a sudden. The gnoll hits you but does no damage.
You block the gnoll's attack.
You barely miss the gnoll.
The gnoll is heavily wounded.
The gnoll barely misses you.
You closely miss the ogre.
The gnoll hits you from afar with a +0 spear.
* * * LOW HITPOINT WARNING * * *
You block the ogre's attack.
You hit the ogre.
The ogre is moderately wounded.
The ogre hits you with a +0 giant spiked club!
You die...

# #.# ..
####.##.#
#.Ogg$..#
#@#g.##.#
#.#..#
######.#..#
#......#..#
#.######...
#.# ..##
#.# #.# #.#
_.# #.#


You could see an ogre and 2 gnolls.

Vanquished Creatures
  An ice beast (D:5)
  An ogre (D:4)
  A scorpion (D:4)
  A jelly (D:4)
  An iguana (D:5)
  2 hounds (D:4)
  2 sleepcaps (D:5)
  3 adders
  5 gnolls
  A white imp (D:4)
  3 dart slugs
  5 orcs
  13 ball pythons
  2 endoplasms
  2 goblins
  10 hobgoblins
  2 jackals (D:1)
  7 kobolds
  5 quokkas
  5 bats
  A frilled lizard (D:2)
  6 rats
79 creatures vanquished.

Notes
Turn   | Place    | Note
-------+----------+-------------------------------------------
     0 | D:1      | SigmundSlayer the Demigod Fighter began the quest for the
                  | Orb.
     0 | D:1      | Reached XP level 1. HP: 18/18 MP: 3/3
   114 | D:1      | Reached XP level 2. HP: 12/25 MP: 4/4
   801 | D:2      | Reached XP level 3. HP: 31/31 MP: 5/5
  1372 | D:2      | Reached XP level 4. HP: 36/38 MP: 6/6
  2561 | D:4      | Reached XP level 5. HP: 40/45 MP: 7/7
  2623 | D:4      | Noticed an ogre
  2629 | D:4      | Killed an ogre
  2716 | D:4      | Reached XP level 6. HP: 49/52 MP: 8/8
  2856 | D:4      | Noticed an angel
  3677 | D:4      | Identified 2 scrolls of acquirement
  3677 | D:4      | Acquired the +3 tower shield "Loobog" {Dex+4}
  3690 | D:4      | Acquired 1318 gold pieces
  3755 | D:5      | Entered Level 5 of the Dungeon
  3767 | D:5      | Found Zin's Purification Station.
  3906 | D:5      | Bought a potion of curing for 90 gold pieces
  4064 | D:5      | Slain by an ogre

Illustrated notes

Levels and vault maps discovered:
D:1:      minmay_arrival_loop, layout_loops_ring,
          ebering_ecumenical_altar_abandoned
D:2:      layout_loops_ring, nicolae_figureground_pulse
D:3:      layout_loops_ring, minivault_4
D:4:      layout_layer_cave, grunt_temple_overflow_holy_war
D:5:      black_bear_nest_2, layout_loops_ring, mainiacjoe_overflow_boulevard,
          zin_purify, serial_aquarium, aquarium_bridge_long_separate
          [aquarium_subvault_wall, aquarium_subvault_bridge,
          aquarium_subvault_balcony, aquarium_subvault_bridge,
          aquarium_subvault_bridge, aquarium_subvault_balcony],
          aquarium_window_fake, aquarium_window_fake, aquarium_window_corner,
          aquarium_view_2c, aquarium_view_2d, aquarium_pool_four,
          uniq_crazy_yiuf_cottage

Skill      XL: |  1  2  3  4  5  6 |
---------------+-------------------+-----
Axes           | 2 3 |  3.8
Shields        | 3 4 |  4.4
Fighting       | 3 4 |  4.3
Armour         | 3 4 |  4.3

Action                     |  1- 3 |  4- 6 || total
---------------------------+-------+-------++-------
  Melee: War axe           |   121 |   161 ||   282
    Use: Potion            |     1 |     1 ||     2
         Scroll            |       |     5 ||     5
   Stab: Distracted        |       |     1 ||     1
 Armour: Scale mail        |    71 |    91 ||   162
  Dodge: Dodged            |    60 |    53 ||   113
  Block: Buckler           |    31 |    36 ||    67
         Tower shield      |       |    44 ||    44

Table legend: (Time is in decaauts)
 A = Elapsed time spent in this place.
 B = Non-inter-level travel time spent in this place.
 C = Inter-level travel time spent in this place.
 D = Time resting spent in this place.
 E = Time spent auto-exploring this place.
 F = Levels seen in this place.
 G = Mean time per level.
                   A        B        C        D        E       F      G
               +--------+--------+--------+--------+--------+-----+--------+
         Total |   4185 |   4006 |    179 |    361 |   2943 |   5 |  837.0 |
       Dungeon |   4185 |   4006 |    179 |    361 |   2943 |   5 |  837.0 |
               +--------+--------+--------+--------+--------+-----+--------+

Top non-repeatable levels by time:
     D:4: 1441 daAuts
     D:2: 936 daAuts
     D:1: 807 daAuts
     D:3: 665 daAuts
     D:5: 333 daAuts
